 Dungeon Crawl Stone Soup version 0.30-a0-776-g08fbeb92c1 (webtiles) character file.

Game seed: 482548991086262695

957 Lavandula the Carver (level 8, -4/52 HPs)
             Began as a Human Monk on Feb 13, 2023.
             Was an Elder of Elyvilon.
             Slain by a two-headed ogre
             ... wielding a +0 giant club
              (17 damage)
             ... on level 6 of the Dungeon.
             The game lasted 00:10:01 (5236 turns).

Lavandula the Carver (Human Monk)                   Turns: 5236, Time: 00:10:02

Health: -4/52      AC:  9    Str: 20    XL:     8   Next: 37%
Magic:  8/8        EV: 12    Int: 16    God:    Elyvilon [****..]
Gold:   264        SH:  0    Dex: 22    Spells: 6/7 levels left

rFire   . . .      SeeInvis .    A - +8 falchion of Classification {heavy, Dex+6}
rCold   . . .      Faith    .    (no shield)
rNeg    . . .      Spirit   .    h - +0 ring mail
rPois   .          Reflect  .    (helmet restricted)
rElec   .          Harm     .    i - +0 cloak
rCorr   .          Rampage  .    z - +0 pair of gloves
Will    .....                    (no boots)
Stlth   ++                       (no amulet)
HPRegen 0.28/turn                o - +6 ring of strength
MPRegen 0.11/turn                x - +6 ring of intelligence

@: no status effects
A: horns 1, talons 1, iridescent scales 1, frail 1
a: Renounce Religion, Purification, Heal Other, Heal Self


You were on level 6 of the Dungeon.
You worshipped Elyvilon.
Elyvilon was greatly pleased with you.
You visited 2 branches of the dungeon, and saw 7 of its levels.

You collected 264 gold pieces.

Inventory:

Hand Weapons
 a - a +1 scimitar of holy wrath
 m - a +1 dagger of holy wrath
 t - a +2 short sword of draining
 A - the +8 falchion of Classification (weapon) {heavy, Dex+6}
   (You found it on level 5 of the Dungeon)

   Dex:       It affects your dexterity (+6).
Missiles
 f - 5 datura-tipped darts
 j - 2 javelins (quivered)
Armour
 b - a +0 robe
 h - a +0 ring mail (worn)
 i - a +0 cloak (worn)
 z - a +0 pair of gloves (worn)
Jewellery
 o - a +6 ring of strength (left hand)
 x - a +6 ring of intelligence (right hand)
Wands
 p - a wand of flame (18)
Scrolls
 c - a scroll of silence
 e - a scroll of fog
 k - 2 scrolls of magic mapping
 n - a scroll of summoning
 q - a scroll of blinking
 r - 4 scrolls of teleportation {unknown}
 s - 2 scrolls of enchant weapon {unknown}
 y - a scroll of noise {unknown}
Potions
 d - 2 potions of mutation
 g - a potion of magic {unknown}
 l - 3 potions of heal wounds
 u - a potion of cancellation {unknown}
 v - 2 potions of degeneration {unknown}
 w - a potion of haste {unknown}


   Skills:
 - Level 3.2 Fighting
 - Level 1.0(6.0) Short Blades
 + Level 9.4(9.5) Long Blades
 - Level 3.0 Dodging
 - Level 2.0 Stealth


You had 6 spell levels left.
You knew the following spells:

 Your Spells              Type           Power      Damage    Failure   Level
a - Apportation           Tloc           0%         N/A       41%         1

Your spell library contained the following spells:

 Spells                   Type           Power      Damage    Failure   Level
 Kiss of Death            Conj/Necr      0%         2d5       41%         1
 Necrotise                Necr           0%         1d4       41%         1
 Summon Small Mammal      Summ           0%         N/A       41%         1
 Cigotuvi's Dreadful Rot  Necr/Pois/Air  0%         N/A       54%         2
 Lesser Beckoning         Tloc           0%         N/A       54%         2
 Poisonous Vapours        Pois/Air       0%         N/A       54%         2
 Scorch                   Fire           0%         2d5       54%         2
 Confusing Touch          Hex            0%         N/A       78%         3
 Gell's Gravitas          Tloc           0%         N/A       78%         3
 Ignite Poison            Fire/Tmut/Pois 0%         N/A       78%         3
 Inner Flame              Hex/Fire       0%         N/A       78%         3
 Mephitic Cloud           Conj/Pois/Air  0%         N/A       78%         3
 Teleport Other           Tloc           0%         N/A       78%         3
 Dispel Undead            Necr           0%         3d6       99%         4
 Flame Wave               Conj/Fire      0%         2d4       99%         4
 Sticky Flame             Conj/Fire      0%         2d3       99%         4
 Alistair's Intoxication  Tmut/Pois      0%         N/A       100%        5
 Summon Cactus Giant      Summ           0%         N/A       100%        6
 Ignition                 Fire           0%         3d3       100%        8


Dungeon Overview and Level Annotations

Branches:
Dungeon (6/15)             Temple (1/1) D:4

Altars:
Ashenzari
Cheibriados
Dithmenos
Elyvilon
Fedhas
Hepliaklqana
Nemelex Xobeh
Okawaru
Qazlal
Ru
Sif Muna
Trog
Uskayaw
Vehumet
Wu Jian
Yredelemnul
Zin
The Shining One

Shops:
D:1 =*![   D:5 [

Annotations:
D:6 2 transporters


Innate Abilities, Weirdness & Mutations

You have a pair of small horns on your head.
You have sharp toenails.
You are partially covered in iridescent scales. (AC +2)
You are frail. (-10% HP)


Message History

Throw: 5 javelins
Press: ? - help, Q - select action, (/) - cycle Shift-Dir - straight line, f/p - two-headed ogre
Aim: a two-headed ogre, wielding a +0 giant club and a +0 giant spiked club (lightly wounded, 77% to hit)
You throw a javelin.
The javelin pierces through the two-headed ogre.
The two-headed ogre is moderately wounded.
Throw: 4 javelins
Press: ? - help, Q - select action, (/) - cycle Shift-Dir - straight line, f/p - two-headed ogre
Aim: a two-headed ogre, wielding a +0 giant club and a +0 giant spiked club (lightly wounded, 77% to hit)
You throw a javelin.
The javelin pierces through the two-headed ogre!
The two-headed ogre is moderately wounded.
Okay, then.
Throw: 3 javelins
Press: ? - help, Q - select action, (/) - cycle Shift-Dir - straight line, f/p - two-headed ogre
Aim: a two-headed ogre, wielding a +0 giant club and a +0 giant spiked club (moderately wounded, 77% to hit)
You throw a javelin.
The javelin pierces through the two-headed ogre.
The two-headed ogre is moderately wounded.
The two-headed ogre hits you with a +0 giant club!
The two-headed ogre misses you.
You slash the two-headed ogre!
The two-headed ogre is heavily wounded.
You slash the two-headed ogre!
You claw the two-headed ogre, but do no damage.
You headbutt the two-headed ogre, but do no damage.
The two-headed ogre is heavily wounded.
The two-headed ogre hits you with a +0 giant club!!
Ouch! That really hurt!
* * * LOW HITPOINT WARNING * * *
The two-headed ogre hits you with a +0 giant spiked club.
* * * LOW HITPOINT WARNING * * *
Press: ? - help, Dir - move target, f/p - two-headed ogre Heal: a two-headed ogre, wielding a +0 giant club and a +0 giant spiked club (heavily wounded, uninterested)
The two-headed ogre would be completely unfazed by your meagre offer of peace.
Press: ? - help, Dir - move target, f/p - two-headed ogre Heal: a two-headed ogre, wielding a +0 giant club and a +0 giant spiked club (heavily wounded, uninterested)
You fail to use your ability.
The two-headed ogre hits you with a +0 giant club!
You die...

..# .. ...............# ..#
#.. ..!.((.(............#
..###.....................♣♣..
.........................♣♣ ♣♣
........................
........................
.......................#
................O......#
.####...........@.....# ##
#................##
#####...............##
....................#
#+####.............##
##..#..........##
##..##.#...........
##..###.########...# ##..##
#.# ####


You could see a two-headed ogre.

Vanquished Creatures
  2 ice beasts (D:6)
  A phantom (D:3)
  A necrophage (D:6)
  A scorpion (D:6)
  A howler monkey (D:5)
  4 jellies
  4 orc priests
  Jessica (D:3)
  Natasha (thrice) (D:4)
  7 adders
  A shadow imp (D:4)
  A white imp (D:6)
  An ufetubus (D:5)
  3 dart slugs
  15 orcs
  9 endoplasms
  2 giant cockroaches
  9 hobgoblins
  3 quokkas
  12 ball pythons
  3 bats
  2 frilled lizards
  15 goblins
  8 kobolds
  6 rats
115 creatures vanquished.

Vanquished Creatures (others)
  An orc (D:6)
  A plant (D:5)
2 creatures vanquished.

Grand Total: 117 creatures vanquished

Notes
Turn   | Place    | Note
-------+----------+-------------------------------------------
     0 | D:1      | Lavandula the Human Monk began the quest for the Orb.
     0 | D:1      | Reached XP level 1. HP: 18/18 MP: 1/1
    19 | D:1      | Found Dexorgh's Jewellery Boutique.
    98 | D:1      | Found Fuqu's General Store.
   114 | D:1      | Reached XP level 2. HP: 24/24 MP: 2/2
   120 | D:1      | Found Liuprin's Distillery.
   277 | D:1      | Found Daor Kai's Armour Boutique.
   408 | D:1      | Reached skill level 4 in Long Blades
   408 | D:1      | Reached XP level 3. HP: 29/29 MP: 3/3
  1297 | D:2      | Reached XP level 4. HP: 32/35 MP: 4/4
  1661 | D:3      | Learned a level 1 spell: Apportation
  1678 | D:3      | Noticed a phantom
  1704 | D:3      | Killed a phantom
  1705 | D:3      | Reached skill level 5 in Long Blades
  1705 | D:3      | Reached XP level 5. HP: 34/41 MP: 5/5
  1837 | D:3      | You fall into a shaft and drop 3 floors!
  1854 | D:6      | Found a transporter.
  1876 | D:6      | Gained mutation: You sometimes lose your temper in combat.
                  | [potion of mutation]
  1876 | D:6      | Gained mutation: You passively dampen the noise of your
                  | surroundings. [potion of mutation]
  1876 | D:6      | Gained mutation: You have hidden genetic defects. [potion
                  | of mutation]
  1876 | D:6      | Gained mutation: Your flesh is heat resistant. (rF+)
                  | [potion of mutation]
  1877 | D:6      | Lost mutation: You sometimes lose your temper in combat.
                  | [potion of mutation]
  1877 | D:6      | Lost mutation: You passively dampen the noise of your
                  | surroundings. [potion of mutation]
  1877 | D:6      | Gained mutation: You have a pair of small horns on your
                  | head. [potion of mutation]
  1877 | D:6      | Gained mutation: You are frail. (-10% HP) [potion of
                  | mutation]
  1877 | D:6      | Gained mutation: Your body sometimes deteriorates upon
                  | taking damage. [potion of mutation]
  1877 | D:6      | Gained mutation: You are partially covered in iridescent
                  | scales. (AC +2) [potion of mutation]
  1878 | D:6      | Lost mutation: Your flesh is heat resistant. (rF+) [potion
                  | of mutation]
  1878 | D:6      | Lost mutation: Your body sometimes deteriorates upon taking
                  | damage. [potion of mutation]
  1878 | D:6      | Gained mutation: You have sharp toenails. [potion of
                  | mutation]
  1878 | D:6      | Lost mutation: You have hidden genetic defects. [potion of
                  | mutation]
  1888 | D:6      | Reached skill level 6 in Long Blades
  1888 | D:6      | Reached XP level 6. HP: 36/42 MP: 6/6
  1911 | D:6      | Noticed an ice beast
  1959 | D:6      | Killed an ice beast
  1960 | D:6      | Reached skill level 7 in Long Blades
  1970 | D:6      | Reached XP level 7. HP: 28/46 MP: 7/7
  2057 | D:6      | Found a transporter.
  2338 | D:6      | Found a hide-covered altar of Uskayaw.
  2521 | D:6      | Noticed a two-headed ogre
  2548 | D:5      | Entered Level 5 of the Dungeon
  2548 | D:5      | Found Apnung's Antique Armour Shoppe.
  2566 | D:4      | Found a staircase to the Ecumenical Temple.
  2589 | Temple   | Entered the Ecumenical Temple
  2595 | Temple   | Became a worshipper of Elyvilon the Healer
  2595 | Temple   | Reached * piety under Elyvilon
  2595 | Temple   | Reached ** piety under Elyvilon
  2803 | D:4      | Noticed Natasha
  2814 | D:4      | Killed Natasha
  2815 | D:4      | Reached skill level 8 in Long Blades
  2943 | D:3      | Noticed Jessica
  2951 | D:3      | Killed Jessica
  2981 | D:3      | Found a snail-covered altar of Cheibriados.
  3258 | D:3      | Found a faded altar of an unknown god.
  3371 | D:4      | Reached *** piety under Elyvilon
  3514 | D:4      | Reached skill level 1 in Short Blades
  3573 | D:4      | Found a sacrificial altar of Ru.
  3647 | D:4      | Noticed Natasha
  3653 | D:4      | Killed Natasha
  3790 | D:4      | Noticed Natasha
  3801 | D:4      | Killed Natasha
  3886 | D:4      | Reached XP level 8. HP: 50/52 MP: 8/8
  4304 | D:5      | Reached skill level 9 in Long Blades
  4679 | D:5      | Identified the +8 falchion of Classification {heavy, Dex+6}
  4739 | D:5      | Reached **** piety under Elyvilon
  5236 | D:6      | Slain by a two-headed ogre

Illustrated notes

Levels and vault maps discovered:
D:1:      ncdulo_watergridlock, layout_basic, serial_shops,
          nicolae_shop_statue_plus, nicolae_shop_competitors_out_of_business,
          shop, shop
D:2:      layout_basic, minmay_pentomino_z2
D:3:      layout_rooms, cheibriados_altar_1,
          hellmonk_ecumenical_altar_prayer_group, uniq_jessica
D:4:      layout_loops_ring, hangedman_ru_absence,
          minmay_temple_entry_offerings, chequers_avenue, hangedman_decor_push,
          minmay_joined_circles, uniq_natasha
D:5:      layout_loops_corners, serial_shops, nicolae_stop_n_shop_1,
          minmay_misc_feat_square, saegor_snake_ambush
D:6:      layout_layer_cave, mainiacjoe_overflow_boulevard,
          gammafunk_ghost_arena, grunt_decor_arrowhead, nrook_campfire,
          chequers_decorated_corner, moated_statue
Temple:   eino_wide_crystal_templ

Skill      XL: |  1  2  3  4  5  6  7  8 |
---------------+-------------------------+-----
Long Blades    | 4 5 6 7 8 9 |  9.4
Short Blades   | 1 |  1.0
Fighting       | |  3.2
Dodging        | |  3.0
Stealth        | |  2.0

Action                     |  1- 3 |  4- 6 |  7- 9 || total
---------------------------+-------+-------+-------++-------
  Melee: Falchion          |    56 |       |     8 ||    64
         Dagger            |    65 |   126 |   172 ||   363
         Punch             |     1 |       |     1 ||     2
         Headbutt          |       |    11 |    35 ||    46
         Kick              |       |    13 |    53 ||    66
  Throw: Javelin           |       |     3 |    12 ||    15
         Dart              |       |     2 |       ||     2
    Use: Potion            |       |     5 |     1 ||     6
         Scroll            |       |     1 |     7 ||     8
   Stab: Sleeping          |     2 |       |     1 ||     3
 Armour: Robe              |    22 |       |       ||    22
         Ring mail         |     1 |    38 |    54 ||    93
  Dodge: Dodged            |    75 |    68 |    97 ||   240

Table legend: (Time is in decaauts)
 A = Elapsed time spent in this place.
 B = Non-inter-level travel time spent in this place.
 C = Inter-level travel time spent in this place.
 D = Time resting spent in this place.
 E = Time spent auto-exploring this place.
 F = Levels seen in this place.
 G = Mean time per level.
                   A        B        C        D        E       F      G
               +--------+--------+--------+--------+--------+-----+--------+
         Total |   5210 |   5037 |    173 |    238 |   3726 |   7 |  744.3 |
       Dungeon |   5154 |   4990 |    164 |    238 |   3696 |   6 |  859.0 |
        Temple |     55 |     46 |      9 |      0 |     30 |   1 |   55.0 |
               +--------+--------+--------+--------+--------+-----+--------+

Top non-repeatable levels by time:
     D:5: 1160 daAuts
     D:4: 910 daAuts
     D:1: 878 daAuts
     D:6: 768 daAuts
     D:2: 745 daAuts
     D:3: 690 daAuts
  Temple: 55 daAuts
